 Dungeon Crawl Stone Soup version 0.21-a0-278-ga722497 (webtiles) character file.

2947 vishdafish the Grappler (level 9, -5/85 HPs)
             Began as a Troll Transmuter on Sept 22, 2017.
             Killed from afar by an electric eel (13 damage)
             ... with a bolt of electricity
             ... on level 7 of the Dungeon.
             The game lasted 00:14:20 (6891 turns).

vishdafish the Grappler (Troll Transmuter)          Turns: 6891, Time: 00:14:21

Health: -5/85      AC:  5    Str: 19 (20) XL:     9   Next: 51%
Magic:  11/11      EV:  9    Int: 12      God:
Gold:   386        SH:  0    Dex:  8 (10) Spells: 11/12 levels left

rFire    + . .     SeeInvis +     - Unarmed
rCold    . . .     Gourm    +   (no shield)
rNeg     + . .     Faith    .   b - +0 robe
rPois    .         Spirit   .   (helmet restricted)
rElec    .         Reflect  .   (no cloak)
rCorr    .         Harm     .   (gloves unavailable)
MR       .....                  (boots unavailable)
Stlth    +.........             (no amulet)
HPRegen  0.64/turn              g - ring of positive energy
MPRegen  0.12/turn              n - ring of see invisible

@: very slow
A: unfitting armour, claws 3, deterioration 1, fire resistance 1, fast
metabolism 3, gourmand, regeneration 1, screaming 1, shaggy fur 1, tough skin 2
a: no special abilities


You were on level 7 of the Dungeon.
You were not hungry.

You visited 2 branches of the dungeon, and saw 8 of its levels.
You also visited: Sewer.

You collected 386 gold pieces.

Inventory:

Hand Weapons
 q - a +0 whip of flaming
Missiles
 a - 130 arrows
Armour
 b - a +0 robe (worn)
Magical Staves
 u - an uncursed staff of air
 C - an uncursed staff of poison
Jewellery
 g - a ring of positive energy (left claw)
 n - a ring of see invisible (right claw)
 x - an uncursed ring of ice
 z - an uncursed ring of protection from cold
Scrolls
 i - 6 scrolls of remove curse
 m - 2 scrolls of immolation {unknown}
 o - 2 scrolls of recharging {unknown}
 s - 7 scrolls of fog
 v - a scroll of amnesia {unknown}
 y - 2 scrolls of blinking {unknown}
 A - a scroll of teleportation
 B - a scroll of vulnerability {unknown}
Potions
 e - 4 potions of heal wounds {unknown}
 h - 9 potions of curing
 j - a potion of brilliance {unknown}
 k - 3 potions of magic
 l - a potion of haste {unknown}
 r - a potion of agility {unknown}
 t - 4 potions of might
 w - a potion of berserk rage
Books
 c - a book of Changes

   Spells                             Type                      Level
   a - Beastly Appendage              Transmutation                1
   b - Sticks to Snakes               Transmutation                2
   c - Spider Form                    Transmutation/Poison         3
   d - Ice Form                       Ice/Transmutation            4
   e - Blade Hands                    Transmutation                5
Comestibles
 d - 4 bread rations
 f - 5 royal jellies


   Skills:
 + Level 4.4 Fighting
 * Level 5.7 Throwing
 - Level 1.5 Dodging
 * Level 8.2 Unarmed Combat
 - Level 2.0 Spellcasting
 * Level 4.9 Transmutations


You had 11 spell levels left.
You knew the following spells:

 Your Spells              Type           Power        Failure   Level  Hunger
a - Beastly Appendage     Tmut           ##....       3%          1    ##.....


Dungeon Overview and Level Annotations

Branches:
Dungeon (7/15)             Temple (1/1) D:5

Altars:
Ashenzari
Cheibriados
Dithmenos
Fedhas
Hepliaklqana
Kikubaaqudgha
Makhleb
Qazlal
Ru
Uskayaw
Vehumet
Wu Jian
Yredelemnul
Zin
The Shining One


Innate Abilities, Weirdness & Mutations

You are too large for most types of armour.
You have claws for hands.
Your metabolism is lightning-fast.
You like to eat raw meat.
Your natural rate of healing is unusually fast.
You are covered in fur. (AC +1)
You have very tough skin. (AC +2)
Your body sometimes deteriorates upon taking damage.
Your flesh is heat resistant. (rF+)
You occasionally shout uncontrollably at your foes.


Message History

* * * LOW HITPOINT WARNING * * *
The bolt of electricity hits you!
* * * LOW HITPOINT WARNING * * *
You see here a large rock.
p - a large rock The electric eel shoots out a bolt of lightning at you!
The bolt of electricity misses you. The bolt of electricity hits you!
* * * LOW HITPOINT WARNING * * *
Throwing (i - inventory):
p - a large rock (quivered)
Press: ? - help, Shift-Dir - straight line, f/p - electric eel
Aim: an electric eel (water, severely wounded)
You throw a large rock. The large rock misses the electric eel.
You hear a splash.
As you read the scroll of fog, it crumbles to dust.
The scroll dissolves into smoke.
You enter the shallow water.
Moving in this stuff is going to be slow.
The electric eel shoots out a bolt of lightning at you!
The bolt of electricity hits you!
You die...

# #.
#.#####################
#........#≈≈≈≈≈≈≈≈≈≈≈≈≈
#.......#≈≈≈≈.....≈≈≈≈
#......##≈≈;.......≈≈≈
#......##≈≈....8§...≈≈
+......'#≈..§§@§§≈...≈
###.....#≈..§§§§§≈...≈
##.....'...8§§8[.8...
#.....##≈..§≈.§.≈..)≈
#.....##≈...≈≈.≈≈...≈
#.....'#≈≈....8....≈≈
##....##≈≈≈.......≈≈≈
##....##≈≈≈≈.|...≈≈≈≈
#......#≈≈≈≈≈≈≈≈≈≈≈≈≈


You could see an electric eel.

Vanquished Creatures
  Pikel (D:3)
  The ghost of vishdafish the Ruffian, a novice TrTm of Xom (D:4)
  A centaur zombie (D:7)
  A hippogriff (D:7)
  The ghost of vishdafish the Shield-Bearer, an amateur FoFi of Nemelex Xobeh (D:3)
  An orc warrior (D:6)
  A sky beast (D:4)
  A slave (D:3)
  An ice beast (D:5)
  A centaur (D:5)
  2 ogres
  2 big kobolds (Sewer)
  Blork the orc (D:4)
  A howler monkey (D:7)
  An electric eel (D:7)
  2 crimson imps (D:5)
  A bullfrog zombie (D:7)
  2 hounds
  3 orc wizards (D:4)
  2 orc priests (D:6)
  A jelly (D:6)
  3 iguanas
  2 worker ants (D:5)
  Robin (D:2)
  2 worker ant zombies (D:5)
  4 gnolls (D:2)
  6 adders
  6 river rats (Sewer)
  A shadow imp (D:5)
  2 oozes
  A worm (D:2)
  A dart slug (D:1)
  A leopard gecko (D:4)
  6 orcs
  7 ball pythons
  6 bats
  5 giant cockroaches
  14 goblins
  5 hobgoblins
  4 jackals
  4 quokkas
  7 frilled lizards
  18 kobolds
  A leopard gecko skeleton (D:4)
  26 rats
161 creatures vanquished.

Vanquished Creatures (others)
  An iguana (D:4)
  An orc wizard (D:4)
2 creatures vanquished.

Grand Total: 163 creatures vanquished

Notes
Turn   | Place    | Note
-------+----------+-------------------------------------------
     0 | D:1      | vishdafish the Troll Transmuter began the quest for the Orb.
     0 | D:1      | Reached XP level 1. HP: 18/18 MP: 1/1
   368 | D:1      | Reached skill level 1 in Fighting
   370 | D:1      | Reached XP level 2. HP: 27/27 MP: 3/3
   987 | D:2      | Reached XP level 3. HP: 33/33 MP: 4/4
  1119 | D:2      | Found a burning altar of Makhleb.
  1270 | D:2      | Reached skill level 4 in Unarmed Combat
  1270 | D:2      | Reached XP level 4. HP: 23/41 MP: 5/5
  1644 | D:2      | Noticed Robin
  1670 | D:2      | HP: 2/42 [poisoned by a goblin]
  1676 | D:2      | HP: 2/42 [poisoned by a goblin]
  1682 | D:2      | HP: 2/42 [poisoned by a goblin]
  1797 | D:2      | Found a glowing golden altar of the Shining One.
  1908 | D:2      | Killed Robin
  1908 | D:2      | Reached XP level 5. HP: 18/49 MP: 6/6
  2168 | D:3      | Noticed vishdafish's ghost (amateur FoFi)
  2170 | D:3      | Killed vishdafish's ghost
  2170 | D:3      | Reached XP level 6. HP: 57/57 MP: 6/8
  2814 | D:3      | Gained mutation: Your body sometimes deteriorates upon taking damage. [potion of mutation]
  2814 | D:3      | Gained mutation: You occasionally shout uncontrollably at your foes. [potion of mutation]
  2814 | D:3      | Gained mutation: Your flesh is heat resistant. (rF+) [potion of mutation]
  2851 | D:4      | Noticed a slave
  2851 | D:4      | Noticed a slave
  2851 | D:4      | Noticed a slave
  2851 | D:4      | Noticed a slave
  2852 | D:4      | Noticed Pikel
  2867 | D:3      | Killed a slave
  2910 | D:3      | Killed Pikel
  2910 | D:3      | Reached skill level 5 in Unarmed Combat
  2910 | D:3      | Reached XP level 7. HP: 11/66 MP: 9/9
  3084 | D:4      | Reached skill level 6 in Unarmed Combat
  3337 | D:4      | Noticed Blork the orc
  3340 | D:4      | Killed Blork the orc
  3340 | D:4      | Reached XP level 8. HP: 57/75 MP: 10/10
  3638 | D:4      | Noticed vishdafish's ghost (novice TrTm)
  3797 | D:4      | Killed vishdafish's ghost
  3797 | D:4      | Reached skill level 7 in Unarmed Combat
  4021 | D:5      | Entered Level 5 of the Dungeon
  4296 | D:5      | Found a staircase to the Ecumenical Temple.
  4309 | Temple   | Entered the Ecumenical Temple
  4555 | D:5      | Found a basalt altar of Yredelemnul.
  4910 | D:6      | Reached skill level 5 in Throwing
  4910 | D:6      | Reached XP level 9. HP: 27/84 MP: 11/11
  4951 | D:6      | Found a glowing drain.
  4978 | Sewer    | Entered a sewer
  6202 | D:7      | Reached skill level 8 in Unarmed Combat
  6891 | D:7      | Killed from afar by an electric eel

Vault maps used:
D:1:      lemuel_arrival_hallway, kennysheep_small_spiral
D:2:      lemuel_round_altar, tso_altar, uniq_robin
D:3:      roderic_nine_men_s_morris, minmay_statues_item
D:4:      uniq_pikel, uniq_blork_the_orc
D:5:      minmay_temple_entry_junction_2, first_bread, yredelemnul_altar_generic
D:6:      portal_sewer_entry_c
D:7:      kennysheep_generic_room_2, uniq_crazy_yiuf_cottage
Temple:   nicolae_temple_god_jail
Sewer:    sewer_minmay_treatment

Skill      XL: |  1  2  3  4  5  6  7  8  9 |
---------------+----------------------------+-----
Fighting       | 1 2 3 4 |  4.4
Unarmed Combat | 4 5 6 7 8 |  8.2
Spellcasting   | 2 |  2.0
Transmutations | 2 3 4 |  4.9
Throwing       | 2 3 5 |  5.7
Dodging        | |  1.5

Action                   |  1- 3 |  4- 6 |  7- 9 || total
-------------------------+-------+-------+-------++-------
Melee: Unarmed           |    78 |    97 |   286 ||   461
       Punch             |     1 |     2 |     6 ||     9
       Kick              |     1 |       |       ||     1
       Headbutt          |       |     3 |       ||     3
Throw: Large rock        |       |     2 |    16 ||    18
 Cast: Beastly Appendage |     1 |     2 |       ||     3
  Use: Scroll            |       |     5 |     7 ||    12
       Potion            |       |     2 |       ||     2
 Stab: Sleeping          |     1 |       |       ||     1
  Eat: Chunk             |     6 |    10 |    18 ||    34
       Bread ration      |     1 |     1 |     3 ||     5
       Meat ration       |       |       |     1 ||     1
Armor: Robe              |    22 |    31 |   124 ||   177
Dodge: Dodged            |    41 |    60 |   156 ||   257

Table legend:
 A = Spawn XP
 B = Non-spawn XP
 C = Spawn XP percentage of total XP
 D = Spawn monster count
 E = Non-spawn monster count
 F = Spawn count percentage of total count
 G = Total turns spent on level
                    A         B        C        D         E        F      G
               +---------+---------+-------+---------+---------+-------+---------
         Total |       0 |    4211 |   0.0 |       0 |     161 |   0.0 |  6891
               +---------+---------+-------+---------+---------+-------+---------
           D:1 |       0 |      23 |   0.0 |       0 |      13 |   0.0 |   900
           D:2 |       0 |     173 |   0.0 |       0 |      40 |   0.0 |  1127
           D:3 |       0 |     837 |   0.0 |       0 |       7 |   0.0 |   973
           D:4 |       0 |     950 |   0.0 |       0 |      15 |   0.0 |  1021
           D:5 |       0 |     653 |   0.0 |       0 |      15 |   0.0 |   704
           D:6 |       0 |     308 |   0.0 |       0 |      13 |   0.0 |   690
           D:7 |       0 |     922 |   0.0 |       0 |      10 |   0.0 |   710
         Sewer |       0 |     345 |   0.0 |       0 |      48 |   0.0 |   627
               +---------+---------+-------+---------+---------+-------+---------
